 Dungeon Crawl Stone Soup version 0.19.0-2-gae57169 (webtiles) character file.

72 Patchouli the Magician (level 4, -7/24 HPs)
             Began as a Deep Elf Ice Elementalist on Nov 4, 2016.
             Killed by divine providence
             ... invoked by an orc priest
              (14 damage)
             ... on level 3 of the Dungeon.
             The game lasted 00:04:46 (698 turns).

Patchouli the Magician (Deep Elf Ice Elementalist)   Turns: 698, Time: 00:04:48

Health: -7/24      AC:  2    Str:  5    XL:     4   Next: 7%
Magic:  1/12       EV: 13    Int: 21    God:
Gold:   45         SH:  0    Dex: 15    Spells: 2 memorised, 9 levels left

rFire  . . .     SeeInvis .     e - +0 dagger
rCold  . . .     Gourm    .     a - +0 robe
rNeg   . . .     Faith    .     (no shield)
rPois  .         Spirit   .     (no helmet)
rElec  .         Reflect  .     (no cloak)
rCorr  .         Harm     .     (no gloves)
MR     .....                    (no boots)
Stlth  ++........               (no amulet)
                                (no ring)
                                (no ring)

@: no status effects
A: no striking features
a: no special abilities


You were on level 3 of the Dungeon.
You were not hungry.

You visited 1 branch of the dungeon, and saw 3 of its levels.

You collected 45 gold pieces.

Inventory:

Hand Weapons
 e - a +0 dagger (weapon)
Armour
 a - a +0 robe (worn)
Scrolls
 g - a scroll of random uselessness {unknown}
 i - a scroll of fear {unknown}
Potions
 d - a potion of mutation {unknown}
Books
 b - a book of Frost

   Spells                             Type                      Level
   a - Freeze                         Ice                          1
   b - Throw Frost                    Conjuration/Ice              2
   c - Ozocubu's Armour               Charms/Ice                   3
   d - Throw Icicle                   Conjuration/Ice              4
   e - Summon Ice Beast               Ice/Summoning                4
Comestibles
 c - a bread ration
 f - 2 beef jerkies


   Skills:
 + Level 2.9 Dodging
 - Level 2.4 Stealth
 * Level 4.8 Spellcasting
 + Level 1.5 Conjurations
 * Level 3.9 Ice Magic


You had 9 spell levels left.
You knew the following spells:

 Your Spells              Type           Power        Failure   Level  Hunger
a - Freeze                Ice            ###.         1%          1    None
b - Throw Frost           Conj/Ice       ###...       8%          2    None


Dungeon Overview and Level Annotations

Branches:
Dungeon (3/15)

Altars:
Xom


Message History

Casting: Throw Frost
Confirm with . or Enter, or press ? or * to list all spells.
Aiming: Throw Frost
Press: ? - help, Shift-Dir - straight line, f/p - orc priest
Aim: an orc priest, wielding a flail of holy wrath and wearing a runed leather armour (lightly wounded)
The puff of frost misses the orc priest.
The bat hits you but does no damage. The bat barely misses you.
The orc priest barely misses you.
Casting: Throw Frost
Confirm with . or Enter, or press ? or * to list all spells.
Aiming: Freeze
Press: ? - help, Shift-Dir - straight line, f/p - orc priest
Aim: an orc priest, wielding a flail of holy wrath and wearing a runed leather armour (lightly wounded)
You freeze the orc priest.
The orc priest resists.
The orc priest is moderately wounded.
The bat hits you but does no damage.
The orc priest mumbles some strange prayers to Beogh against you.
Beogh smites you!
Ouch! That really hurt!
You die...

. #.......# ...
#.......#
#...Sr
#......?#
.......S.
#.......#
#........
#.......# .....
###.......# ...
####...b.....#
..#
##.....o@.....#
###.#
#...$..########
#[..#
###.#.#### #.#
###.....#
..###....####
.....†#.##
...)..o.#
......###
......#


You could see an orc priest and a bat.

Vanquished Creatures
  Ijyb (D:2)
  2 adders (D:2)
  A worm (D:3)
  A dart slug (D:3)
  A leopard gecko (D:2)
  2 orcs (D:3)
  2 bats (D:3)
  A giant cockroach (D:2)
  2 goblins (D:2)
  3 hobgoblins
  A kobold (D:3)
  A quokka (D:3)
  4 rats
22 creatures vanquished.

Notes
Turn   | Place    | Note
-------+----------+-------------------------------------------
     0 | D:1      | Patchouli the Deep Elf Ice Elementalist began the quest for the Orb.
     0 | D:1      | Reached XP level 1. HP: 10/10 MP: 6/6
     0 | D:1      | Noticed a shadow dragon
     3 | D:1      | Noticed a shadow dragon
     5 | D:1      | Noticed an ice dragon
     6 | D:1      | Noticed a shadow dragon
     7 | D:1      | Noticed an orb of fire
    10 | D:1      | Noticed a large abomination
    12 | D:1      | Noticed a large abomination
    12 | D:1      | Noticed a golden dragon
    13 | D:1      | Noticed an iron dragon
    14 | D:1      | Noticed an ice dragon
    14 | D:1      | Noticed an orb of fire
    16 | D:1      | Noticed a large abomination
    16 | D:1      | Noticed a green draconian
    18 | D:1      | Noticed a white draconian
    20 | D:1      | Noticed an iron dragon
    54 | D:2      | Reached XP level 2. HP: 12/15 MP: 3/8
   100 | D:2      | Learned a level 2 spell: Throw Frost
   112 | D:2      | Reached skill level 4 in Spellcasting
   396 | D:2      | Noticed Ijyb
   405 | D:2      | Killed Ijyb
   405 | D:2      | Reached XP level 3. HP: 13/19 MP: 4/10
   522 | D:3      | Found a shimmering altar of Xom.
   672 | D:3      | Reached XP level 4. HP: 24/24 MP: 8/12
   698 | D:3      | Killed from afar by an orc priest

Skill      XL: |  1  2 |
---------------+-------+-----
Spellcasting   | 4 |  4.8
Dodging        | |  2.9
Stealth        | |  2.4
Conjurations   | |  1.5
Ice Magic      | |  3.9

Action                   |  1- 3 |  4- 6 || total
-------------------------+-------+-------++-------
Melee: Dagger            |     2 |       ||     2
 Cast: Freeze            |    34 |     5 ||    39
       Throw Frost       |     4 |     3 ||     7
 Stab: Sleeping          |     2 |       ||     2
Armor: Robe              |     6 |     3 ||     9
Dodge: Dodged            |    19 |     7 ||    26
